 Dungeon Crawl Stone Soup version 0.28-a0-750-g7c675f85b1 (webtiles) character file.

Game seed: 3983120990978667011

3434 ytrimaz the Grappler (level 9, -5/65 HPs)
             Began as a Demonspawn Gladiator on Oct 29, 2021.
             Was a Believer of Makhleb.
             Killed from afar by a ynoxinul (25 damage)
             ... with an iron shot
             ... on level 8 of the Dungeon.
             The game lasted 00:12:20 (9724 turns).

ytrimaz the Grappler (Demonspawn Gladiator)         Turns: 9724, Time: 00:12:21

Health: -5/65      AC: 15    Str: 17    XL:     9   Next: 77%
Magic:  11/11      EV:  7    Int:  9    God:    Makhleb [**....]
Gold:   445        SH:  0    Dex: 16    Spells: 8/8 levels left

rFire   . . .      SeeInvis .     - Unarmed
rCold   . . .      Faith    .   (no shield)
rNeg    . . .      Spirit   .   u - +0 plate armour
rPois   +          Reflect  .   (helmet restricted)
rElec   .          Harm     .   (no cloak)
rCorr   .          Rampage  .   (no gloves)
Will    .....                   (no boots)
Stlth   ..........              m - amulet of regeneration
HPRegen 1.20/turn               s - ring of poison resistance
MPRegen 0.12/turn               (no ring)

@: marked, studying Armour
A: claws 2, hooves 1, powered by death 1, weakness stinger 2, antennae 1,
iridescent scales 1
a: Renounce Religion, Minor Destruction


You were on level 8 of the Dungeon.
You worshipped Makhleb.
Makhleb was pleased with you.
You visited 2 branches of the dungeon, and saw 9 of its levels.
You also visited: Ossuary.

You collected 445 gold pieces.

Inventory:

Hand Weapons
 f - the +7 war axe of the Lesser Evil {venom, *Noise rCorr SInv}
   (You found it on level 6 of the Dungeon)

   It poisons the flesh of those it strikes.
   SInv:      It lets you see invisible.
   *Noise:    It may make noises in combat.
   rCorr:     It protects you from acid and corrosion.
Missiles
 d - 3 throwing nets (quivered)
Armour
 u - a +0 plate armour (worn)
 x - +0 steam dragon scales
Jewellery
 a - an amulet of magic regeneration
 m - an amulet of regeneration (around neck)
 s - a ring of poison resistance (left claw)
Wands
 b - a wand of acid (8)
 r - a wand of iceblast (3)
 t - a wand of flame (20)
 y - a wand of polymorph (8)
Scrolls
 e - 2 scrolls of amnesia
 h - 5 scrolls of teleportation
 k - 2 scrolls of magic mapping
 o - a scroll of blinking
 z - a scroll of noise {unknown}
Potions
 c - a potion of mutation
 g - 3 potions of curing
 i - 2 potions of flight
 j - a potion of might
 l - a potion of lignification
 n - a potion of attraction
 p - a potion of invisibility
 q - 2 potions of haste {unknown}
 v - 2 potions of heal wounds {unknown}
 w - 2 potions of brilliance


   Skills:
 + Level 3.9 Fighting
 - Level 3.1 Axes
 - Level 1.8 Throwing
 * Level 8.2 Armour
 + Level 4.9 Dodging
 * Level 9.2 Unarmed Combat
 * Level 3.7 Invocations


You had 8 spell levels left.
You didn't know any spells.
Your spell library contained the following spells:

 Spells                   Type           Power      Damage    Failure   Level
 Apportation              Tloc           0%         N/A       100%        1
 Sting                    Tmut/Pois      0%         1d3       100%        1
 Poisonous Vapours        Pois/Air       0%         N/A       100%        2
 Dazzling Flash           Conj/Hex       0%         N/A       100%        3
 Frozen Ramparts          Ice            0%         1d2       100%        3
 Ice Form                 Ice/Tmut       0%         N/A       100%        4
 Iskenderun's Mystic Bla  Conj/Tloc      0%         2d3       100%        4
 Olgreb's Toxic Radiance  Pois           0%         N/A       100%        4
 Summon Ice Beast         Ice/Summ       0%         N/A       100%        4
 Agony                    Necr           0%         N/A       100%        5
 Alistair's Intoxication  Tmut/Pois      0%         N/A       100%        5
 Silence                  Hex/Air        0%         N/A       100%        5
 Invisibility             Hex            0%         N/A       100%        6
 Starburst                Conj/Fire      0%         6d3       100%        6
 Chain Lightning          Conj/Air       0%         N/A       100%        9
 Fire Storm               Conj/Fire      0%         5d1       100%        9
 Shatter                  Erth           0%         3d5*      100%        9


Dungeon Overview and Level Annotations

Branches:
Dungeon (8/15)             Temple (1/1) D:6         Ossuary (visited)
   Lair: D:8-11

Altars:
Ashenzari
Cheibriados
Fedhas
Gozag
Makhleb
Nemelex Xobeh
Okawaru
Qazlal
Ru
Vehumet
Xom
Yredelemnul
Zin
The Shining One

Annotations:
D:3 1 runed translucent door


Innate Abilities, Weirdness & Mutations

You have very sharp fingernails.
You have large cloven feet.
You regenerate a little health from kills.
You have a tail ending in a sharp stinger.
You have a pair of small antennae on your head.
You are partially covered in iridescent scales. (AC +2)


Message History

You tail-slap the troll, but do no damage.
The troll is severely wounded.
You claw the troll!
The troll is almost dead.
The troll bites you! The troll claws you but does no damage.
The troll claws you.
You claw the troll!
You kill the troll!
Makhleb accepts your kill.
The troll leather armour is intact enough to wear.
Your Armour skill increases to level 8!
You claw the ynoxinul! You kick the ynoxinul.
The ynoxinul is heavily wounded.
The ynoxinul hits you but does no damage.
An orc comes into view. It is wielding a +0 trident.
Your plate armour prevents you from hitting the ynoxinul.
You kick the ynoxinul.
The ynoxinul is heavily wounded.
The ynoxinul hits you.
You scratch the ynoxinul.
The ynoxinul is severely wounded.
The ynoxinul gestures at you. The iron shot hits you!
* * * LOW HITPOINT WARNING * * *
You closely miss the ynoxinul. You tail-slap the ynoxinul.
The ynoxinul is severely wounded.
The ynoxinul hits you.
* * * LOW HITPOINT WARNING * * *
You scratch the ynoxinul. Your kick misses the ynoxinul.
The ynoxinul is severely wounded.
The ynoxinul hits you.
* * * LOW HITPOINT WARNING * * *
You scratch the ynoxinul but do no damage.
You kick the ynoxinul.
The ynoxinul is almost dead.
You scratch the ynoxinul but do no damage.
The ynoxinul is almost dead.
The ynoxinul gestures at you. The iron shot hits you!!
You die...

### #.. ... #.# # ..
#.# 3####.. # #.#
....##..##.
##.####o..........###
#...@355....##..#.##.
#..####...#.##..#.#.#
#..# ...........##
#..###.# #.##....†##
#.....# #.<.....#
#.####.# .##.....##
#..# ##...#.## ##.#
##.###.# #.# #.# ##.


You could see a ynoxinul, an orc and 2 ufetubi.

Vanquished Creatures
  Maurice (D:8)
  A troll (D:8)
  Grinder (D:3)
  Grum (D:8)
  A wraith (Ossuary)
  A steam dragon (D:7)
  A water moccasin (D:8)
  2 black bears
  An orc warrior (D:7)
  A sky beast (D:5)
  2 wolves (D:8)
  3 centaurs
  2 phantoms
  The ghost of pokeman the Magician, an amateur DEWz (D:3)
  A scorpion (D:4)
  2 wyvern skeletons
  A water moccasin skeleton (D:7)
  3 wights (D:6)
  3 centaur zombies
  A bullfrog zombie (D:5)
  3 orc priests
  A hound (D:5)
  2 centaur skeletons
  4 iguanas
  4 orc wizards
  A killer bee zombie (D:5)
  3 mummies (Ossuary)
  A howler monkey zombie (D:5)
  7 gnolls
  9 adders
  A river rat (D:3)
  A white imp (D:6)
  An ufetubus (D:5)
  An adder skeleton (D:4)
  2 worms
  A dart slug (D:3)
  26 orcs
  11 endoplasms
  3 giant cockroaches
  A gnoll zombie (Ossuary)
  6 hobgoblins
  A quokka (D:1)
  5 ball pythons
  5 bats
  4 frilled lizards
  9 goblins
  3 goblin zombies (Ossuary)
  4 hobgoblin zombies (Ossuary)
  12 kobolds
  10 rats
172 creatures vanquished.

Vanquished Creatures (others)
  A fungus (D:2)
  67 plants
68 creatures vanquished.

Grand Total: 240 creatures vanquished

Notes
Turn   | Place    | Note
-------+----------+-------------------------------------------
     0 | D:1      | ytrimaz the Demonspawn Gladiator began the quest for the
                  | Orb.
     0 | D:1      | Reached XP level 1. HP: 16/16 MP: 1/1
   132 | D:1      | Discovered your monstrous ancestry.
   132 | D:1      | Gained mutation: You have a small tail. [demonic ancestry]
   132 | D:1      | Reached XP level 2. HP: 22/22 MP: 2/2
  1064 | D:1      | Gained mutation: You have sharp fingernails. [demonic
                  | ancestry]
  1064 | D:1      | Reached XP level 3. HP: 21/27 MP: 3/3
  1832 | D:2      | Gained mutation: You are partially covered in iridescent
                  | scales. (AC +2) [potion of mutation]
  1832 | D:2      | Gained mutation: You have a pair of small antennae on your
                  | head. [potion of mutation]
  1949 | D:2      | Reached skill level 1 in Unarmed Combat
  2416 | D:2      | Gained mutation: You have a tail ending in a sharp stinger.
                  | [demonic ancestry]
  2416 | D:2      | Reached XP level 4. HP: 9/34 MP: 4/4
  2694 | D:2      | Found a faded altar of an unknown god.
  3658 | D:3      | Noticed Grinder
  3659 | D:3      | Paralysed by Grinder for 5 turns
  3687 | D:3      | Paralysed by Grinder for 6 turns
  3696 | D:3      | HP: 1/34 [Grinder (1)]
  4163 | D:3      | You fall into a shaft and drop 3 floors!
  4198 | D:6      | Found a sacrificial altar of Ru.
  4238 | D:6      | Identified the +7 war axe of the Lesser Evil {venom, *Noise
                  | rCorr SInv}
  4243 | D:6      | Found a snail-covered altar of Cheibriados.
  4252 | D:6      | Found a staircase to the Ecumenical Temple.
  4258 | Temple   | Entered the Ecumenical Temple
  4308 | Temple   | Became a worshipper of Makhleb the Destroyer
  4350 | D:6      | Found a sand-covered staircase.
  4361 | Ossuary  | Entered an ossuary
  4361 | Ossuary  | Noticed a wraith
  4361 | Ossuary  | Noticed a wraith
  4361 | Ossuary  | Noticed a wraith
  4411 | Ossuary  | Reached skill level 1 in Armour
  4427 | Ossuary  | Reached skill level 2 in Unarmed Combat
  4427 | Ossuary  | Reached XP level 5. HP: 24/39 MP: 5/5
  4825 | Ossuary  | Noticed a wraith
  4831 | Ossuary  | Killed a wraith
  4832 | Ossuary  | Reached skill level 3 in Unarmed Combat
  4832 | Ossuary  | Reached XP level 6. HP: 30/46 MP: 6/6
  5113 | D:5      | Entered Level 5 of the Dungeon
  5627 | D:3      | Reached skill level 4 in Unarmed Combat
  5913 | D:3      | Found a runed translucent door.
  5916 | D:3      | Noticed pokeman's ghost (amateur DEWz)
  6235 | D:3      | Paralysed by Grinder for 4 turns
  6253 | D:3      | Paralysed by Grinder for 2 turns
  6258 | D:3      | Found a runed translucent door.
  6259 | D:3      | Paralysed by Grinder for 3 turns
  6269 | D:3      | Killed Grinder
  6270 | D:3      | Gained mutation: You have large cloven feet. [demonic
                  | ancestry]
  6270 | D:3      | Reached XP level 7. HP: 28/51 MP: 7/7
  6555 | D:3      | Killed pokeman's ghost
  6556 | D:3      | Reached skill level 5 in Unarmed Combat
  6630 | D:4      | Identified a scroll of acquirement
  6701 | D:4      | Acquired a manual of Armour
  6713 | D:4      | Reached * piety under Makhleb
  7105 | D:5      | Gained mutation: You regenerate a little health from kills.
                  | [demonic ancestry]
  7105 | D:5      | Reached XP level 8. HP: 13/57 MP: 8/8
  7544 | D:5      | Reached skill level 6 in Unarmed Combat
  7865 | D:5      | Reached skill level 1 in Invocations
  8357 | D:6      | Reached ** piety under Makhleb
  8372 | D:6      | Reached skill level 7 in Unarmed Combat
  8374 | D:6      | Reached skill level 5 in Armour
  8730 | D:7      | Gained mutation: You have very sharp fingernails. [demonic
                  | ancestry]
  8730 | D:7      | Reached XP level 9. HP: 39/64 MP: 10/10
  8970 | D:7      | Reached skill level 8 in Unarmed Combat
  9158 | D:7      | Found a broken altar of Ashenzari.
  9470 | D:8      | Noticed Maurice
  9477 | D:8      | Killed Maurice
  9689 | D:8      | Noticed Grum
  9699 | D:8      | Killed Grum
  9702 | D:8      | Noticed a troll
  9704 | D:8      | Reached skill level 9 in Unarmed Combat
  9717 | D:8      | Killed a troll
  9724 | D:8      | Killed from afar by a ynoxinul

Illustrated notes

Levels and vault maps discovered:
D:1:      saegor_arrival_simple_b, layout_loops_cross, minmay_pentomino_o2
D:2:      layout_loops_ring, shapermc_ecumenical_altar_mp_urbaneastern,
          kennysheep_boxes
D:3:      layout_basic, ebering_ghost_sewer_f, serial_bayou_lagoon_a,
          uniq_grinder
D:4:      layout_gridville, chequers_serial_rivers_small_b
D:5:      layout_basic
D:6:      layout_loops_ring, minmay_temple_entry_enclosed_plants,
          chequers_ossuary_entry_cave, hangedman_feature_mirror
D:7:      layout_basic, lemuel_round_altar
D:8:      layout_loops_ring, nzn_overflow_gifts_of_might_and_magic,
          uniq_maurice, uniq_grum
Temple:   eino_temple_rhombus

Skill      XL: |  1  2  3  4  5  6  7  8  9 |
---------------+----------------------------+-----
Axes           | 3 |  3.1
Dodging        | 3 4 |  4.9
Unarmed Combat | 1 2 3 4 5 7 9 |  9.2
Armour         | 1 2 3 6 8 |  8.2
Fighting       | 3 |  3.9
Invocations    | 2 3 |  3.7
Throwing       | |  1.8

Action                   |  1- 3 |  4- 6 |  7- 9 || total
-------------------------+-------+-------+-------++-------
Melee: War axe           |    68 |    33 |       ||   101
       Tailslap          |    13 |    38 |    56 ||   107
       Unarmed           |    57 |   191 |   325 ||   573
       Punch             |       |     2 |     6 ||     8
       Kick              |       |       |   105 ||   105
Throw: Throwing net      |       |     3 |     3 ||     6
  Use: Scroll            |     4 |     1 |    10 ||    15
       Potion            |     4 |       |     1 ||     5
 Stab: Sleeping          |       |     1 |       ||     1
       Held in net/web   |       |     1 |       ||     1
Armor: Leather armour    |    41 |    46 |    14 ||   101
       Plate armour      |       |       |   219 ||   219
Dodge: Dodged            |    95 |   130 |   122 ||   347

Table legend: (Time is in decaauts)
 A = Elapsed time spent in this place.
 B = Non-inter-level travel time spent in this place.
 C = Inter-level travel time spent in this place.
 D = Time resting spent in this place.
 E = Time spent auto-exploring this place.
 F = Levels seen in this place.
 G = Mean time per level.
                   A        B        C        D        E       F      G
               +--------+--------+--------+--------+--------+-----+--------+
         Total |   9737 |   9464 |    273 |   2329 |   5079 |  10 |  973.7 |
       Dungeon |   8977 |   8704 |    273 |   2217 |   4686 |   8 | 1122.1 |
        Temple |     67 |     67 |      0 |      0 |      0 |   1 |   67.0 |
       Ossuary |    691 |    691 |      0 |    112 |    393 |   1 |  691.0 |
               +--------+--------+--------+--------+--------+-----+--------+

Top non-repeatable levels by time:
     D:1: 1994 daAuts
     D:2: 1787 daAuts
     D:3: 1486 daAuts
     D:5: 1040 daAuts
     D:4: 959 daAuts
 Ossuary: 691 daAuts
     D:6: 679 daAuts
     D:7: 599 daAuts
     D:8: 430 daAuts
  Temple: 67 daAuts
